 Dungeon Crawl Stone Soup version 0.29-a0-555-g3b24f45cc1 (webtiles) character file.

Game seed: 11248357473731853414

7 Hubjo the Insei (level 1, -1/15 HPs)
             Began as a Demonspawn Transmuter on June 7, 2022.
             Slain by a frilled lizard (2 damage)
             ... on level 1 of the Dungeon.
             The game lasted 00:00:35 (183 turns).

Hubjo the Insei (Demonspawn Transmuter)              Turns: 183, Time: 00:00:36

Health: -1/15      AC:  2    Str: 10    XL:     1   Next: 83%
Magic:  0/3        EV: 12    Int: 14    God:
Gold:   12         SH:  0    Dex: 13    Spells: 3/4 levels left

rFire   . . .      SeeInvis .     - Unarmed
rCold   . . .      Faith    .   (no shield)
rNeg    . . .      Spirit   .   a - +0 robe
rPois   .          Reflect  .   (helmet currently unavailable)
rElec   .          Harm     .   (no cloak)
rCorr   .          Rampage  .   (no gloves)
Will    .....                   (boots currently unavailable)
Stlth   +.........              (no amulet)
HPRegen 0.05/turn               (no ring)
MPRegen 0.08/turn               (no ring)

@: appendages (expiring)
A: horns 2, talons 2
a: End Transformation


You were on level 1 of the Dungeon.
You had temporarily grown beastly horns and talons.
You visited 1 branch of the dungeon, and saw 1 of its levels.

You collected 12 gold pieces.

Inventory:

Armour
 a - a +0 robe (worn)
Potions
 b - a potion of lignification
 c - a potion of might {unknown}
 d - a potion of curing {unknown}


   Skills:
 * Level 1.4 Fighting
 - Level 1.7 Dodging
 + Level 0.2 Stealth
 + Level 2.7 Unarmed Combat
 + Level 2.0 Spellcasting
 + Level 1.9 Transmutations


You had 3 spell levels left.
You knew the following spells:

 Your Spells              Type           Power      Damage    Failure   Level
a - Beastly Appendage     Tmut           12%        N/A       11%         1

Your spell library contained the following spells:

 Spells                   Type           Power      Damage    Failure   Level
 Wereblood                Tmut           6%         N/A       16%         2
 Spider Form              Tmut/Pois      4%         N/A       43%         3
 Ice Form                 Ice/Tmut       4%         N/A       85%         4


Dungeon Overview and Level Annotations

Branches:
Dungeon (1/15)

Altars:


Innate Abilities, Weirdness & Mutations

You have temporarily grown beastly horns and talons.


Message History

There are monsters nearby!
There are monsters nearby!
There are monsters nearby!
You miscast Beastly Appendage.
You are very lightly contaminated with residual magic.
Nothing appears to happen.
The goblin shouts!
The frilled lizard hisses angrily.
The goblin hits you with a +0 club.
You barely miss the goblin. The goblin barely misses you.
You grow a pair of large bovine horns.
Your feet morph into talons.
The goblin misses you. The goblin hits you with a +0 club.
You fail to extend your transformation any further.
The frilled lizard bites you. The goblin barely misses you.
The goblin hits you with a +0 club.
You closely miss the goblin. Your headbutt misses the goblin.
The frilled lizard misses you. The goblin hits you with a +0 club.
The goblin hits you with a +0 dagger.
* * * LOW HITPOINT WARNING * * *
Your magical contamination has completely faded away.
You are too injured to fight recklessly!
You are too injured to fight recklessly!
You hit the goblin.
The goblin is severely wounded.
The goblin barely misses you. The frilled lizard barely misses you.
The goblin hits you with a +0 club.
* * * LOW HITPOINT WARNING * * *
You hit the goblin.
You kill the goblin!
The goblin closely misses you.
The frilled lizard bites you but does no damage.
You closely miss the goblin. You claw the goblin.
The goblin is moderately wounded.
Your transformation is almost over.
The frilled lizard bites you but does no damage.
The goblin misses you.
You hit the goblin.
You kill the goblin!
The frilled lizard bites you.
You die...

#.# #........###.#. #.#
............... #.#
..............# #.#
............... ####..
................ #.....
................ ###...
#......)l....... ##.#...
...>...)@.......###..#...
......##.................
......##.................
...............####.##...
.####...#.#......##.##...
#........###.##.........
##....#### ..######....
#.##.>.### .....###... ##
###.†.# #####.......


You could see a frilled lizard.

Vanquished Creatures
  A ball python (D:1)
  3 goblins (D:1)
  A hobgoblin (D:1)
  A kobold (D:1)
  A rat (D:1)
7 creatures vanquished.

Notes
Turn   | Place    | Note
-------+----------+-------------------------------------------
     0 | D:1      | Hubjo the Demonspawn Transmuter began the quest for the
                  | Orb.
     0 | D:1      | Reached XP level 1. HP: 15/15 MP: 3/3
   183 | D:1      | Slain by a frilled lizard

Illustrated notes

Levels and vault maps discovered:
D:1:      wheals_arrival_linesprint, layout_rooms, minivault_4,
          minmay_misc_feat_rugged, supply_closet_lemuel

Action                   || total
-------------------------++-------
Melee: Unarmed           ||    15
       Kick              ||     6
       Headbutt          ||     1
 Cast: Beastly Appendage ||     5
Armor: Robe              ||     3
Dodge: Dodged            ||    14

Table legend: (Time is in decaauts)
 A = Elapsed time spent in this place.
 B = Non-inter-level travel time spent in this place.
 C = Inter-level travel time spent in this place.
 D = Time resting spent in this place.
 E = Time spent auto-exploring this place.
 F = Levels seen in this place.
 G = Mean time per level.
                   A        B        C        D        E       F      G
               +--------+--------+--------+--------+--------+-----+--------+
         Total |    182 |    182 |      0 |      0 |    136 |   1 |  182.0 |
       Dungeon |    182 |    182 |      0 |      0 |    136 |   1 |  182.0 |
               +--------+--------+--------+--------+--------+-----+--------+

Top non-repeatable levels by time:
     D:1: 182 daAuts
